 Dungeon Crawl Stone Soup version 0.31-a0-175-g9f7f995f2b (webtiles) character file.

Game seed: 6571956512015665622

40628 qw the Marksgargoyle (level 14, -5/90 HPs)
             Began as a Gargoyle Hunter on June 17, 2023.
             Was a High Priest of Okawaru.
             Slain by a dire elephant simulacrum (25 damage)
             ... animated by a necromancer
             ... on level 5 of the Lair of Beasts.
             The game lasted 00:07:11 (14180 turns).

qw the Marksgargoyle (Gargoyle Hunter)             Turns: 14180, Time: 00:07:12

Health: -5/90      AC: 21    Str: 17    XL:     14   Next: 11%
Magic:  21/21      EV: 26    Int:  9    God:    Okawaru [*****.]
Gold:   1714       SH:  0    Dex: 23    Spells: 13/13 levels left

rFire   + . .        Y - +4 arbalest (drain)
rCold   . . .        (shield currently unavailable)
rNeg    + . .        k - +2 leather armour {rF+}
rPois   inf          j - +2 helmet
rElec   +            t - +0 cloak
rCorr   .            (no gloves)
SInv    .            (no boots)
Will    ++...        y - amulet of faith
Stlth   +++          c - ring of Jatyak {Will+ EV+5}
HPRegen 0.35/turn    o - +6 ring of dexterity
MPRegen 0.17/turn

%: clarity, faith
@: about to teleport, heroic, flying
A: sickness immunity, AC +10, big wings, negative energy resistance 1,
electricity resistance, torment resistance 1, petrification resistance, clarity,
subdued magic 1
a: Renounce Religion, Heroism, Finesse, Duel


You were on level 5 of the Lair of Beasts.
You worshipped Okawaru.
Okawaru was extremely pleased with you.
You visited 3 branches of the dungeon, and saw 15 of its levels.
You also visited: Ossuary.

You collected 1741 gold pieces.
You spent 27 gold pieces at shops.


Innate Abilities, Weirdness & Mutations

You are immune to sickness and miasma.
Your stone body is resilient. (AC +10)
You are immune to poison.
Your large and strong wings let you fly.
You resist negative energy. (rN+)
You are resistant to electric shocks. (rElec)
You are resistant to unholy torment.
You are immune to petrification.
You possess an exceptional clarity of mind.
Your spells are a little easier to cast, but a little less powerful.


   Skills:
 + Level 11.5(16.5) Fighting
 - Level 18.0(23.0) Ranged Weapons
 - Level 4.0(9.0) Armour
 - Level 7.1(12.1) Dodging
 - Level 1.1(6.1) Stealth
 - Level 10.0 Invocations


You had 13 spell levels left.
You didn't know any spells.
Your spell library was empty.

Inventory:

Hand Weapons
 x - a +1 arbalest of freezing
 Y - a +4 arbalest of draining (weapon)
Armour
 j - a +2 helmet (worn)
 k - a +2 leather armour of fire resistance (worn)
 l - +0 steam dragon scales
 r - the +3 hat of Pondering {ponderous, Will+ MP+10 Int+5}
   (You took it off Gastronok on level 2 of the Lair of Beasts)

   Int:       It affects your intelligence (+5).
   MP:        It affects your magic capacity (+10).
   Will:      It increases your willpower.
 t - a +0 cloak (worn)
Jewellery
 c - the ring of Jatyak (left hand) {Will+ EV+5}
   (You acquired it in an ossuary)

   [ring of evasion]

   EV:        It affects your evasion (+5).
   Will:      It increases your willpower.
 g - the amulet of Iwucith {Reflect *Corrode +Blink +Inv Regen+ SH+5}
   (You found it on level 5 of the Lair of Beasts)

   [amulet of reflection]

   It reflects blocked missile attacks.
   +Inv:      It lets you turn invisible.
   +Blink:    It lets you blink.
   Regen:     It increases your rate of health regeneration.
   *Corrode:  It may corrode you when you take damage.
   SH:        It affects your SH (+5).
 o - a +6 ring of dexterity (right hand)
 s - a ring of protection from cold
 u - an amulet of the acrobat
 y - an amulet of faith (around neck)
Scrolls
 a - 3 scrolls of identify
 b - 4 scrolls of teleportation
 z - a scroll of torment {unknown}
Potions
 d - 4 potions of heal wounds
 e - a potion of cancellation
 f - 2 potions of might
 h - a potion of enlightenment
 i - 2 potions of lignification
 m - 3 potions of resistance
 n - a potion of attraction
 p - 2 potions of mutation
 q - 5 potions of curing
 v - a potion of magic
 w - 2 potions of haste

Dungeon Overview and Level Annotations

Branches:
Dungeon (9/15)             Temple (1/1) D:7            Lair (5/5) D:8
  Swamp (0/4) Lair:3        Snake (0/4) Lair:2        Slime (0/5) Lair:5
Ossuary (visited)
    Orc: D:9-12

Altars:
Ashenzari
Cheibriados
Dithmenos
Elyvilon
Fedhas
Gozag
Makhleb
Nemelex Xobeh
Okawaru
Qazlal
Ru
Sif Muna
Trog
Uskayaw
Vehumet
Wu Jian
Xom
Yredelemnul
Zin
The Shining One
Jiyva

Shops:
D:1 *

Annotations:
D:5 1 runed translucent door, Crazy Yiuf
D:8 2 transporters


Message History

A dire elephant simulacrum comes into view.
The dire elephant simulacrum tramples you but does no damage.
The dire elephant simulacrum misses you.
The dire elephant simulacrum completely misses you. x2
You shoot a bolt.
The bolt hits the dire elephant simulacrum.
The dire elephant simulacrum is lightly damaged.
The dire elephant simulacrum closely misses you.
The dire elephant simulacrum completely misses you.
You shoot a bolt.
The bolt hits the dire elephant simulacrum!
The dire elephant simulacrum is moderately damaged.
The dire elephant simulacrum barely misses you.
The dire elephant simulacrum completely misses you.
The necromancer mumbles some strange words.
The necromancer binds the souls of nearby monsters.
You shoot a bolt.
The bolt hits the dire elephant simulacrum!!!
The dire elephant simulacrum vaporises!
The dire elephant simulacrum misses you.
The dire elephant simulacrum trunk-slaps you but does no damage.
You shoot a bolt.
The bolt hits the dire elephant simulacrum!
The dire elephant simulacrum is moderately damaged.
The dire elephant simulacrum misses you.
The dire elephant simulacrum completely misses you.
You shoot a bolt.
The bolt hits the dire elephant simulacrum!!
The dire elephant simulacrum is almost destroyed.
The dire elephant simulacrum tramples you!
You are shoved backwards!
The dire elephant simulacrum completely misses you.
The dire elephant simulacrum trunk-slaps you but does no damage.
14180 ||| READING 5 scrolls of teleportation.
As you read the scroll of teleportation, it crumbles to dust.
You feel strangely unstable.
The dire elephant simulacrum closely misses you.
The dire elephant simulacrum trunk-slaps you.
The dire elephant simulacrum freezes you!!
You die...

########.#........## #
#8)$8##8.#.........#.#
#.[}.#8..'............
#....#.}.'............
#....#8P.%%...........
#8..8##8.#(...........
#'p####.#............
##~~~P##.#.......P##..
#~~~Z@P#.#........# ##
#~~~~Z~#.#........#
#..~~~##.#..........
##.PP~#..#.......#.#.
##'####.##........## #
#8(8#..P#7.......##
#...#.### ###..##.#
###.'..#P.#


You could see a necromancer and 2 dire elephant simulacra.

Vanquished Creatures
  Gastronok (Lair:2)
  5 dire elephants (Lair:5)
  Harold (Lair:2)
  5 hydras
  A boulder beetle (Lair:2)
  3 alligators (Lair:4)
  A death yak (Lair:5)
  Nergalle (Lair:1)
  A skyshark (Lair:4)
  A goliath frog (Lair:4)
  A spectral anaconda (Lair:5)
  A swamp dragon (Lair:4)
  7 elephants
  A black mamba (Lair:3)
  A torpor snail (Lair:1)
  9 cane toads
  2 rime drakes (Lair:5)
  6 komodo dragons
  2 polar bears
  8 blink frogs
  42 yaks
  6 wyverns
  A wraith (D:9)
  A basilisk (Lair:1)
  Eustachio (D:6)
  5 steam dragons
  A spectral cane toad (Lair:5)
  2 nagas (Lair:2)
  5 swamp worms (Lair:4)
  14 water moccasins
  An ice beast (D:7)
  An orc warrior (D:7)
  2 sky beasts (D:7)
  4 black bears
  3 hornet zombies (Ossuary)
  2 ogres (D:6)
  7 wolves
  2 centaurs
  A phantom (D:8)
  3 kobold brigands
  An elf zombie (D:6)
  9 bullfrogs
  2 elf skeletons (D:6)
  3 gnoll sergeants
  8 scorpions
  3 wyvern zombies (Ossuary)
  A water moccasin zombie (Ossuary)
  7 wights
  16 killer bees
  An elephant simulacrum (Lair:5)
  3 howler monkeys
  6 bullfrog zombies (Ossuary)
  3 centaur zombies (Ossuary)
  6 jellies
  6 hounds
  6 orc priests
  3 sleepcaps
  2 gnoll boudas
  2 human skeletons (D:6)
  8 orc wizards
  7 iguanas
  2 killer bee zombies (Ossuary)
  13 mummies (Ossuary)
  A howler monkey zombie (Ossuary)
  21 gnolls
  10 adders
  3 shadow imps
  2 white imps
  An ufetubus (D:5)
  A worm (D:5)
  3 dart slugs
  18 orcs
  3 bats
  12 endoplasms
  4 giant cockroaches
  7 hobgoblins
  10 jackals
  25 kobolds
  7 quokkas
  2 ball pythons (D:2)
  4 frilled lizards
  10 goblins
  An orc zombie (D:6)
  3 rats
428 creatures vanquished.

Notes
Turn   | Place    | Note
-------+----------+-------------------------------------------
     0 | D:1      | qw the Gargoyle Hunter began the quest for the Orb.
     0 | D:1      | Reached XP level 1. HP: 12/12 MP: 1/1
     0 | D:1      | 0 ||| qw: Version: 0.3-a-2-g5ab2908
     0 | D:1      | 0 ||| qw: Game counter: 120
     0 | D:1      | 0 ||| qw: Always use a shield: true
     0 | D:1      | 0 ||| qw: God list: Okawaru
     0 | D:1      | 0 ||| qw: Allow faded altars: false
     0 | D:1      | 0 ||| qw: Do Orc after D:15 true
     0 | D:1      | 0 ||| qw: Do second Lair branch before Depths: true
     0 | D:1      | 0 ||| qw: Lair rune preference: random
     0 | D:1      | 0 ||| qw: Plans: Normal, Zot:1-4, Slime:5, God:TSO, Crypt,
                  | Tomb, Abyss, Pan, Hells, Win
     0 | D:1      | 0 ||| PLANNING D:1-11
   228 | D:1      | Reached XP level 2. HP: 17/17 MP: 2/2
   243 | D:1      | You fall into a shaft and drop 1 floor!
   258 | D:2      | Reached skill level 5 in Ranged Weapons
   258 | D:2      | Reached XP level 3. HP: 16/21 MP: 3/3
   366 | D:2      | 366 ||| READING scroll labelled GANUTT CIAGU.
   367 | D:2      | 367 ||| DRINKING 2 murky grey potions.
   368 | D:2      | 368 ||| DROPPING scroll of butterflies.
   522 | D:1      | Reached skill level 3 in Fighting
   542 | D:1      | Found a faded altar of an unknown god.
   596 | D:1      | Found Hunourynn's Assorted Antiques.
   602 | D:1      | 602 ||| BUYING fizzy emerald potion (27 gold).
   602 | D:1      | Bought a fizzy emerald potion for 27 gold pieces
   602 | D:1      | 602 ||| SHOPLISTING ring mail (124 gold, have 17).
   602 | D:1      | 602 ||| SHOPLISTING ruby potion (27 gold, have 17).
   602 | D:1      | 602 ||| SHOPLISTING runed shortbow (186 gold, have 17).
   602 | D:1      | 602 ||| SHOPLISTING scroll labelled ASOSSIYCEU (31 gold,
                  | have 17).
   602 | D:1      | 602 ||| SHOPLISTING scroll labelled NIZEUPHUXTAOPN (31
                  | gold, have 17).
   602 | D:1      | 602 ||| SHOPLISTING scroll labelled UTULEA SUNACW (31 gold,
                  | have 17).
   826 | D:1      | Reached XP level 4. HP: 25/28 MP: 4/4
  1046 | D:1      | 1046 ||| READING 2 scrolls labelled ECUODW DAQ JYN.
  1047 | D:1      | 1047 ||| READING 2 scrolls labelled VOSAMI UCOZITO.
  1051 | D:1      | 1051 ||| READING scroll labelled OMESSU ZOGU.
  1884 | D:3      | Reached XP level 5. HP: 32/32 MP: 5/5
  1912 | D:3      | Identified the ring "Helofex" {rElec Will+ MP+9}
  1944 | D:3      | Found a radiant altar of Vehumet.
  2145 | D:3      | Found a hide-covered altar of Uskayaw.
  2146 | D:3      | 2146 ||| SWAPPING to +0 orcbow.
  2147 | D:3      | 2147 ||| DROPPING +0 shortbow.
  2436 | D:3      | Reached skill level 6 in Ranged Weapons
  2498 | D:3      | 2498 ||| UPGRADING to ring "Helofex" {rElec Will+ MP+9}.
  2563 | D:3      | 2563 ||| READING scroll labelled NIZEUPHUXTAOPN.
  2564 | D:3      | 2564 ||| READING scroll labelled UTULEA SUNACW.
  2565 | D:3      | 2565 ||| READING 2 scrolls of identify.
  2565 | D:3      | 2565 ||| IDENTIFYING viscous amethyst potion
  2817 | D:4      | Found a burning altar of Makhleb.
  2996 | D:4      | Reached XP level 6. HP: 38/38 MP: 6/6
  3358 | D:4      | Found a bloodstained altar of Trog.
  3556 | D:4      | 3556 ||| READING scroll labelled BULEFI GAAHE.
  3657 | D:4      | 3657 ||| READING 4 scrolls of identify.
  3657 | D:4      | 3657 ||| IDENTIFYING emerald potion
  3658 | D:4      | 3658 ||| READING 3 scrolls of identify.
  3658 | D:4      | 3658 ||| IDENTIFYING glowing amethyst potion
  3659 | D:4      | 3659 ||| READING 2 scrolls of identify.
  3659 | D:4      | 3659 ||| IDENTIFYING fizzy emerald potion
  3691 | D:5      | Entered Level 5 of the Dungeon
  3691 | D:5      | Noticed a black bear
  3697 | D:5      | Killed a black bear
  3698 | D:5      | Reached skill level 7 in Ranged Weapons
  3714 | D:5      | Reached XP level 7. HP: 41/43 MP: 7/7
  3925 | D:5      | 3925 ||| Stepping ~*~*~tactically~*~*~ (outnumbered).
  3928 | D:5      | Reached skill level 8 in Ranged Weapons
  3934 | D:5      | Reached skill level 1 in Armour
  4100 | D:5      | Reached XP level 8. HP: 42/49 MP: 8/8
  4380 | D:5      | Reached skill level 9 in Ranged Weapons
  4448 | D:5      | HP: 8/49 [something/puff of flame (5)]
  4449 | D:5      | 4449 ||| READING 4 scrolls of teleportation.
  4450 | D:5      | 4450 ||| DRINKING 2 potions of heal wounds.
  4685 | D:5      | Found an opulent altar of Gozag.
  4779 | D:5      | Reached skill level 6 in Fighting
  4883 | D:5      | Found a runed translucent door.
  4884 | D:5      | Noticed Crazy Yiuf
  5038 | D:5      | 5038 ||| UPGRADING to +0 helmet.
  5043 | D:5      | 5043 ||| UPGRADING to +0 ring mail.
  5053 | D:5      | 5053 ||| DROPPING +0 leather armour.
  5054 | D:5      | 5054 ||| UPGRADING to +4 ring of slaying {mikee}.
  5055 | D:5      | 5055 ||| READING 2 scrolls labelled ASOSSIYCEU.
  5056 | D:5      | 5056 ||| READING 2 scrolls of identify.
  5056 | D:5      | 5056 ||| IDENTIFYING white potion
  5057 | D:5      | 5057 ||| DROPPING potion of degeneration.
  5058 | D:5      | 5058 ||| DROPPING scroll of blinking.
  5076 | D:6      | 5076 ||| PLANNING OSSUARY
  5260 | D:6      | 5260 ||| SWAPPING to +2 arbalest of draining.
  5379 | D:6      | Noticed Eustachio
  5383 | D:6      | Killed Eustachio
  5384 | D:6      | Reached skill level 10 in Ranged Weapons
  5384 | D:6      | Reached XP level 9. HP: 55/55 MP: 9/9
  5634 | D:6      | 5634 ||| FLEEEEING.
  5635 | D:6      | 5635 ||| FLEEEEING.
  5778 | D:6      | Found a sand-covered staircase.
  5780 | D:6      | 5780 ||| UPGRADING to +2 leather armour of fire resistance.
  5790 | D:6      | 5790 ||| DROPPING +0 ring mail.
  5791 | D:6      | 5791 ||| UPGRADING to +6 ring of dexterity.
  5793 | D:6      | 5793 ||| DROPPING ring "Helofex" {rElec Will+ MP+9}.
  5797 | Ossuary  | Entered an ossuary
  5812 | Ossuary  | Reached skill level 3 in Dodging
  5973 | Ossuary  | Reached skill level 11 in Ranged Weapons
  6118 | Ossuary  | 6118 ||| Stepping ~*~*~tactically~*~*~ (water).
  6166 | Ossuary  | 6166 ||| UPGRADING to amulet of the acrobat.
  6171 | Ossuary  | 6171 ||| DROPPING +6 ring of strength.
  6172 | Ossuary  | 6172 ||| READING scroll labelled LOGGOA FALIYCK.
  6172 | Ossuary  | Identified a scroll of acquirement
  6172 | Ossuary  | 6172 ||| ACQUIRING ring of Jatyak {Will+ EV+5}
  6172 | Ossuary  | Acquired the ring of Jatyak {Will+ EV+5}
  6174 | Ossuary  | 6174 ||| UPGRADING to ring of Jatyak {Will+ EV+5}.
  6176 | Ossuary  | 6176 ||| UPGRADING to +6 ring of dexterity.
  6178 | Ossuary  | 6178 ||| DROPPING +4 ring of slaying {mikee}.
  6179 | Ossuary  | 6179 ||| DRINKING 2 fizzy golden potions.
  6284 | Ossuary  | 6284 ||| DRINKING 2 viscous white potions.
  6285 | Ossuary  | 6285 ||| DRINKING 3 sedimented red potions.
  6285 | Ossuary  | Gained mutation: You possess an exceptional clarity of
                  | mind. [potion of mutation]
  6285 | Ossuary  | Gained mutation: You occasionally lose the ability to read
                  | scrolls when taking damage. [potion of mutation]
  6286 | Ossuary  | 6286 ||| DRINKING 2 potions of mutation.
  6286 | Ossuary  | Lost mutation: You possess an exceptional clarity of mind.
                  | [potion of mutation]
  6286 | Ossuary  | Lost mutation: You occasionally lose the ability to read
                  | scrolls when taking damage. [potion of mutation]
  6286 | Ossuary  | Gained mutation: You possess an exceptional clarity of
                  | mind. [potion of mutation]
  6286 | Ossuary  | Gained mutation: Your spells are a little easier to cast,
                  | but a little less powerful. [potion of mutation]
  6287 | Ossuary  | 6287 ||| DRINKING 4 ruby potions.
  6288 | Ossuary  | 6288 ||| DROPPING potion of berserk rage.
  6297 | D:6      | 6297 ||| PLANNING D:1-11
  6480 | D:6      | Reached XP level 10. HP: 61/64 MP: 10/10
  6481 | D:6      | 6481 ||| STAIRDANCE
  6703 | D:6      | 6703 ||| Stepping randomly (stuck).
  6719 | D:7      | Found a shimmering altar of Xom.
  6730 | D:7      | 6730 ||| Stepping ~*~*~tactically~*~*~ (outnumbered).
  6731 | D:7      | 6731 ||| Stepping ~*~*~tactically~*~*~ (outnumbered).
  6733 | D:7      | 6733 ||| Stepping ~*~*~tactically~*~*~ (outnumbered).
  6735 | D:7      | 6735 ||| Stepping ~*~*~tactically~*~*~ (outnumbered).
  6740 | D:7      | 6740 ||| Stepping ~*~*~tactically~*~*~ (outnumbered).
  6742 | D:7      | 6742 ||| Stepping ~*~*~tactically~*~*~ (outnumbered).
  6745 | D:7      | 6745 ||| FLEEEEING.
  6866 | D:7      | Reached skill level 12 in Ranged Weapons
  7097 | D:7      | Found a staircase to the Ecumenical Temple.
  7098 | D:7      | 7098 ||| PLANNING TEMPLE
  7098 | D:7      | 7098 ||| READING scroll labelled JAUQAS BOTYH.
  7099 | D:7      | 7099 ||| READING 2 scrolls of identify.
  7099 | D:7      | 7099 ||| IDENTIFYING lumpy pink potion
  7108 | Temple   | Entered the Ecumenical Temple
  7120 | Temple   | 7120 ||| PLANNING D:1-11
  7194 | D:7      | 7194 ||| Stepping ~*~*~tactically~*~*~ (outnumbered).
  7225 | D:7      | Found a stormy altar of Qazlal.
  7442 | D:8      | Found a blossoming altar of Fedhas.
  7639 | D:8      | 7639 ||| FLEEEEING.
  7640 | D:8      | 7640 ||| FLEEEEING.
  7641 | D:8      | 7641 ||| FLEEEEING.
  7642 | D:8      | 7642 ||| FLEEEEING.
  7643 | D:8      | 7643 ||| FLEEEEING.
  7644 | D:8      | 7644 ||| FLEEEEING.
  7645 | D:8      | 7645 ||| FLEEEEING.
  7646 | D:8      | 7646 ||| FLEEEEING.
  7647 | D:8      | 7647 ||| FLEEEEING.
  7648 | D:8      | 7648 ||| FLEEEEING.
  7649 | D:8      | 7649 ||| FLEEEEING.
  7650 | D:8      | 7650 ||| FLEEEEING.
  7651 | D:8      | 7651 ||| FLEEEEING.
  7652 | D:8      | 7652 ||| FLEEEEING.
  7653 | D:8      | 7653 ||| FLEEEEING.
  7654 | D:8      | 7654 ||| FLEEEEING.
  7655 | D:8      | 7655 ||| FLEEEEING.
  7656 | D:8      | 7656 ||| FLEEEEING.
  7657 | D:8      | 7657 ||| FLEEEEING.
  7658 | D:8      | 7658 ||| FLEEEEING.
  7659 | D:8      | 7659 ||| FLEEEEING.
  7660 | D:8      | 7660 ||| FLEEEEING.
  7661 | D:8      | 7661 ||| FLEEEEING.
  7833 | D:8      | Reached skill level 13 in Ranged Weapons
  7854 | D:8      | Reached skill level 9 in Fighting
  7862 | D:8      | Reached XP level 11. HP: 32/71 MP: 11/11
  7989 | D:8      | Found a staircase to the Lair.
  8017 | D:8      | Found a transporter.
  8105 | D:8      | Found a shadowy altar of Dithmenos.
  8171 | D:8      | 8171 ||| READING scroll of acquirement.
  8171 | D:8      | 8171 ||| ACQUIRING 940 gold pieces
  8171 | D:8      | Acquired 940 gold pieces
  8176 | D:8      | Found a transporter.
  8233 | D:8      | 8233 ||| READING 4 scrolls of identify.
  8233 | D:8      | 8233 ||| IDENTIFYING bubbling amethyst potion
  8234 | D:8      | 8234 ||| READING 3 scrolls of identify.
  8234 | D:8      | 8234 ||| IDENTIFYING fuming silvery potion
  8235 | D:8      | 8235 ||| READING 2 scrolls of identify.
  8235 | D:8      | 8235 ||| IDENTIFYING fuming purple potion
  8236 | D:8      | 8236 ||| DROPPING potion of ambrosia.
  8309 | D:9      | Reached skill level 14 in Ranged Weapons
  8447 | D:9      | 8447 ||| READING scroll labelled ROETUD TYIPOG.
  8548 | D:9      | Found an ornate altar of the Wu Jian Council.
  8572 | D:9      | Found a basalt altar of Yredelemnul.
  8957 | D:9      | 8957 ||| Stepping ~*~*~tactically~*~*~ (outnumbered).
  8959 | D:9      | 8959 ||| Stepping ~*~*~tactically~*~*~ (outnumbered).
  8961 | D:9      | 8961 ||| Stepping ~*~*~tactically~*~*~ (outnumbered).
  8972 | D:9      | Found an iron altar of Okawaru.
  8973 | D:9      | 8973 ||| PLANNING OKAWARU WORSHIP
  8980 | D:9      | Became a worshipper of Warmaster Okawaru
  8981 | D:9      | 8981 ||| PLANNING D:1-11
  9348 | D:8      | 9348 ||| Stepping randomly (stuck).
  9349 | D:8      | 9349 ||| PLANNING LAIR
  9450 | Lair:1   | Entered Level 1 of the Lair of Beasts
  9450 | Lair:1   | Noticed Nergalle
  9461 | Lair:1   | 9461 ||| STAIRDANCE
  9520 | Lair:1   | 9520 ||| STAIRDANCE
  9602 | Lair:1   | 9602 ||| STAIRDANCE
  9632 | Lair:1   | 9632 ||| STAIRDANCE
  9687 | Lair:1   | Killed Nergalle
  9687 | Lair:1   | Reached * piety under Okawaru
  9688 | Lair:1   | Reached skill level 6 in Dodging
  9776 | Lair:1   | Reached skill level 1 in Invocations
  9848 | Lair:1   | Noticed a six-headed hydra
  9849 | Lair:1   | 9849 ||| INVOKING Heroism.
  9854 | Lair:1   | Killed a six-headed hydra
  9911 | Lair:1   | Reached ** piety under Okawaru
  9912 | Lair:1   | Reached skill level 3 in Invocations
  9979 | Lair:1   | 9979 ||| INVOKING Heroism.
  9988 | Lair:1   | Reached XP level 12. HP: 77/77 MP: 13/15
 10024 | Lair:1   | Reached skill level 15 in Ranged Weapons
 10061 | Lair:1   | 10061 ||| INVOKING Heroism.
 10099 | Lair:1   | Reached *** piety under Okawaru
 10485 | Lair:1   | 10485 ||| READING scroll labelled MOHEMI ZAUHIF.
 10578 | Lair:2   | Found a burning altar of Makhleb.
 10587 | Lair:2   | Noticed Harold
 10588 | Lair:2   | 10588 ||| FLEEEEING.
 10589 | Lair:2   | 10589 ||| FLEEEEING.
 10590 | Lair:2   | 10590 ||| FLEEEEING.
 10591 | Lair:2   | 10591 ||| FLEEEEING.
 10596 | Lair:2   | 10596 ||| FLEEEEING.
 10597 | Lair:2   | 10597 ||| FLEEEEING.
 10598 | Lair:2   | 10598 ||| FLEEEEING.
 10599 | Lair:2   | 10599 ||| FLEEEEING.
 10600 | Lair:2   | 10600 ||| FLEEEEING.
 10601 | Lair:2   | 10601 ||| FLEEEEING.
 10602 | Lair:2   | 10602 ||| FLEEEEING.
 10603 | Lair:2   | 10603 ||| FLEEEEING.
 10604 | Lair:2   | 10604 ||| FLEEEEING.
 10614 | Lair:2   | 10614 ||| FLEEEEING.
 10615 | Lair:2   | 10615 ||| FLEEEEING.
 10616 | Lair:2   | 10616 ||| FLEEEEING.
 10617 | Lair:2   | 10617 ||| FLEEEEING.
 10618 | Lair:2   | 10618 ||| STAIRDANCE
 10720 | Lair:1   | 10720 ||| READING scroll labelled HIPLADD RATH.
 10721 | Lair:1   | 10721 ||| DRINKING 2 fuming clear potions.
 10722 | Lair:1   | 10722 ||| DROPPING potion of invisibility.
 10725 | Lair:2   | 10725 ||| INVOKING Heroism.
 10733 | Lair:2   | Killed Harold
 10927 | Lair:2   | Noticed Gastronok
 10928 | Lair:2   | 10928 ||| INVOKING Heroism.
 10937 | Lair:2   | Killed Gastronok
 10938 | Lair:2   | Reached skill level 16 in Ranged Weapons
 10941 | Lair:2   | Reached skill level 3 in Armour
 10974 | Lair:2   | Found a hide-covered altar of Uskayaw.
 10976 | Lair:2   | Noticed a boulder beetle
 10976 | Lair:2   | 10976 ||| INVOKING Heroism.
 10986 | Lair:2   | Killed a boulder beetle
 11024 | Lair:2   | Found an ornate altar of the Wu Jian Council.
 11035 | Lair:2   | 11035 ||| INVOKING Heroism.
 11069 | Lair:2   | Found a staircase to the Snake Pit.
 11075 | Lair:2   | 11075 ||| Stepping ~*~*~tactically~*~*~ (water).
 11322 | Lair:2   | 11322 ||| READING 3 scrolls labelled QECIRCHE RERESU.
 11323 | Lair:2   | 11323 ||| DROPPING 2 scrolls of noise.
 11531 | Lair:3   | Reached **** piety under Okawaru
 11580 | Lair:3   | 11580 ||| INVOKING Heroism.
 11594 | Lair:3   | Found a staircase to the Swamp.
 12012 | Lair:3   | 12012 ||| READING scroll of acquirement.
 12012 | Lair:3   | 12012 ||| ACQUIRING +1 arbalest of freezing
 12012 | Lair:3   | Acquired a +1 arbalest of freezing
 12014 | Lair:3   | 12014 ||| DROPPING +0 orcbow.
 12183 | Lair:3   | 12183 ||| READING scroll labelled ISUCUA TAJO.
 12226 | Lair:4   | 12226 ||| INVOKING Heroism.
 12252 | Lair:4   | 12252 ||| READING scroll of enchant armour.
 12252 | Lair:4   | 12252 ||| ENCHANTING +0 helmet.
 12323 | Lair:4   | 12323 ||| INVOKING Heroism.
 12417 | Lair:4   | Noticed an eight-headed hydra
 12418 | Lair:4   | 12418 ||| INVOKING Heroism.
 12421 | Lair:4   | Killed an eight-headed hydra
 12422 | Lair:4   | Reached XP level 13. HP: 84/84 MP: 13/17
 12501 | Lair:4   | 12501 ||| INVOKING Heroism.
 12538 | Lair:4   | Reached skill level 6 in Invocations
 12649 | Lair:4   | 12649 ||| INVOKING Heroism.
 12660 | Lair:4   | Received a gift from Okawaru
 12668 | Lair:4   | Received a gift from Okawaru
 12671 | Lair:4   | 12671 ||| INVOKING Heroism.
 12676 | Lair:4   | Reached skill level 17 in Ranged Weapons
 12676 | Lair:4   | 12676 ||| Stepping ~*~*~tactically~*~*~ (water).
 12683 | Lair:4   | HP: 20/84 [some deep water collision (4)]
 12684 | Lair:4   | 12684 ||| READING 6 scrolls of teleportation.
 12685 | Lair:4   | 12685 ||| DRINKING 3 potions of heal wounds.
 12996 | Lair:4   | 12996 ||| INVOKING Heroism.
 13204 | Lair:4   | 13204 ||| UPGRADING to +0 cloak.
 13209 | Lair:4   | 13209 ||| UPGRADING to amulet of faith.
 13219 | Lair:4   | 13219 ||| READING 3 scrolls of identify.
 13219 | Lair:4   | 13219 ||| IDENTIFYING cyan potion
 13220 | Lair:4   | 13220 ||| DROPPING potion of brilliance.
 13275 | Lair:5   | Entered Level 5 of the Lair of Beasts
 13314 | Lair:5   | 13314 ||| INVOKING Heroism.
 13365 | Lair:5   | Found a staircase to the Slime Pits.
 13371 | Lair:5   | Identified the amulet of Iwucith {Reflect *Corrode +Blink
                  | +Inv Regen+ SH+5}
 13382 | Lair:5   | 13382 ||| INVOKING Heroism.
 13404 | Lair:5   | Reached ***** piety under Okawaru
 13596 | Lair:5   | Found a viscous altar of Jiyva.
 13627 | Lair:5   | 13627 ||| INVOKING Heroism.
 13812 | Lair:5   | Reached skill level 9 in Invocations
 13831 | Lair:5   | 13831 ||| READING scroll of enchant armour.
 13831 | Lair:5   | 13831 ||| ENCHANTING +1 helmet.
 13852 | Lair:5   | 13852 ||| INVOKING Heroism.
 13867 | Lair:5   | Noticed a dire elephant
 13867 | Lair:5   | Noticed a dire elephant
 13868 | Lair:5   | 13868 ||| INVOKING Heroism.
 13868 | Lair:5   | Noticed a dire elephant
 13868 | Lair:5   | Noticed a dire elephant
 13876 | Lair:5   | Noticed a dire elephant
 13877 | Lair:5   | Killed a dire elephant
 13880 | Lair:5   | 13880 ||| INVOKING Finesse.
 13889 | Lair:5   | Received a gift from Okawaru
 13899 | Lair:5   | Killed a dire elephant
 13947 | Lair:5   | 13947 ||| INVOKING Heroism.
 14075 | Lair:5   | Gained mutation: Your large and strong wings let you fly.
                  | [Gargoyle growth]
 14075 | Lair:5   | Reached XP level 14. HP: 90/90 MP: 21/21
 14135 | Lair:5   | Received a gift from Okawaru
 14153 | Lair:5   | 14153 ||| READING scroll of enchant weapon.
 14153 | Lair:5   | 14153 ||| ENCHANTING +3 arbalest of draining.
 14159 | Lair:5   | 14159 ||| INVOKING Heroism.
 14165 | Lair:5   | Killed a dire elephant
 14166 | Lair:5   | Reached skill level 18 in Ranged Weapons
 14169 | Lair:5   | Killed a dire elephant
 14174 | Lair:5   | Killed a dire elephant
 14179 | Lair:5   | HP: 22/90 [dire elephant simulacrum[a necromancer] (10)]
 14180 | Lair:5   | 14180 ||| READING 5 scrolls of teleportation.
 14180 | Lair:5   | Slain by a dire elephant simulacrum

Levels and vault maps discovered:
D:1:      lightli_arrival_statue_moat, layout_loops_corners, serial_shops,
          nicolae_shop_trees, shapermc_ecumenical_altar_mp_urbaneastern
D:2:      kb_forest_paths, layout_basic
D:3:      layout_basic, eat_drink_and_be_merry_uskayaw, vehumet_crystals
D:4:      layout_basic, mainiacjoe_overflow_boulevard,
          mainiacjoe_overflow_small_starburst, chequers_garden
D:5:      layout_gridville, mainiacjoe_overflow_chevrons, minmay_quadrilaterals,
          uniq_crazy_yiuf_cottage
D:6:      layout_basic, nicolae_ossuary_entry_catacombs,
          nicolae_fountain_basement, uniq_eustachio
D:7:      layout_basic, grunt_qazlal_clouds,
          mainiacjoe_overflow_six_doors_small, minmay_temple_entry_large_hall
D:8:      layout_basic, fedhas_altar_2, grunt_dithmenos_shadows,
          minmay_lair_entry_grove, nicolae_diode_stairs
D:9:      layout_loops_corners, nicolae_overflow_hidden_temple,
          okawaru_altar_gauntlet_db, mainiacjoe_overflow_alcove_1,
          kennysheep_nub, minmay_strange_pillars,
          nicolae_kite_square_tiling_tiny
Temple:   hellmonk_temple_rainy
Lair:1:   wander_river, layout_chaotic_city, grunt_megastairs_5, uniq_nergalle
Lair:2:   layout_hall_layers, guppyfry_snake_entry_island, basic_altar,
          nzn_masters_of_martial_movement, uniq_harold, uniq_gastronok
Lair:3:   layout_hall_layers, swamp_mist, grunt_megastairs_1
Lair:4:   onia_ninara_swampy_vault, layout_misc_corridors
Lair:5:   due_jungle_book, layout_regular_city, nicolae_slime_entry_slimehenge

Skill      XL: |  1  2  3  4  5  6  7  8  9 10 11 12 13 14 |
---------------+-------------------------------------------+-----
Ranged Weapons | 5 6 7 8 10 11 13 14 16 17 18 | 18.0
Fighting       | 3 4 5 6 8 9 10 11 | 11.5
Dodging        | 2 4 5 6 7 |  7.1
Armour         | 1 2 3 4 |  4.0
Invocations    | 4 5 9 10 | 10.0
Stealth        | |  1.1

Action                     |  1- 3 |  4- 6 |  7- 9 | 10-12 | 13-15 || total
---------------------------+-------+-------+-------+-------+-------++-------
   Fire: Shortbow          |    88 |    87 |       |       |       ||   175
         Orcbow            |       |   121 |   180 |       |       ||   301
         Arbalest          |       |       |   150 |   542 |   254 ||   946
 Invoke: Heroism           |       |       |       |    11 |    11 ||    22
         Finesse           |       |       |       |       |     1 ||     1
    Use: Scroll            |     1 |    10 |     4 |    13 |     5 ||    33
         Potion            |     1 |       |     6 |     1 |     1 ||     9
 Armour: Leather armour    |    22 |    57 |    63 |    75 |    53 ||   270
         Ring mail         |       |       |     8 |       |       ||     8
  Dodge: Dodged            |    36 |    78 |   137 |   323 |   236 ||   810

Table legend:
 A = Non-vault XP
 B = Vault XP
 C = Vault XP percentage of total XP
 D = Non-vault monster count
 E = Vault monster count
 F = Vault count percentage of total count
                 A         B        C        D         E       F
            +---------+---------+-------+---------+---------+-------
      Total |   33239 |   24802 |  42.7 |     303 |     125 |  29.2
            +---------+---------+-------+---------+---------+-------
        D:1 |      43 |       0 |   0.0 |      23 |       0 |   0.0
        D:2 |      68 |      35 |  34.0 |      18 |       6 |  25.0
        D:3 |      50 |       0 |   0.0 |      12 |       0 |   0.0
        D:4 |     230 |       0 |   0.0 |      21 |       0 |   0.0
        D:5 |    1080 |     516 |  32.3 |      28 |      12 |  30.0
        D:6 |     758 |     642 |  45.9 |      19 |       8 |  29.6
        D:7 |    1720 |       0 |   0.0 |      32 |       0 |   0.0
        D:8 |    1815 |    2016 |  52.6 |      19 |      14 |  42.4
        D:9 |    2983 |      48 |   1.6 |      45 |       6 |  11.8
     Lair:1 |    5987 |    1761 |  22.7 |      24 |       7 |  22.6
     Lair:2 |    1492 |    3509 |  70.2 |       6 |       5 |  45.5
     Lair:3 |    2918 |    1461 |  33.4 |      15 |       7 |  31.8
     Lair:4 |    6116 |    5532 |  47.5 |      15 |      11 |  42.3
     Lair:5 |    7979 |    7776 |  49.4 |      26 |      17 |  39.5
    Ossuary |       0 |    1506 | 100.0 |       0 |      32 | 100.0
            +---------+---------+-------+---------+---------+-------
